AoeStats
← tobinho_125

African Clearing

504077394Analyzed
4v4 RM · 28d ago on Sep 3, 2026· 40m 35s· 8 players
Game mode
Random Map
Map size
Large (8 player)
Population
200
Speed
Normal
Resources
Standard
Victory
Conquest
Starting age
Dark Age
Ending age
Imperial Age
RankedLock teamsTeams togetherTeam positionsShared explorationLock speedFull tech treeHidden civsTurbo modeCheats
Victory
Defeat
🇺🇸 Huns · United States
948
+15
🇩🇪 Romans · Germany
896
+17
🇺🇸 Khmer · United States
896
+17
🇭🇷 Slavs · Croatia
891
+18
🇨🇳 Huns · China
972
-19
🇮🇳 Spanish · India
971
-18
🇩🇪 Goths · Germany
924
-17
🇹🇷 Vikings · Türkiye
837
-13
jcarroll10
5:17 Loom
15:17 Feudal Age
16:06 Town Watch
18:48 Castle Age
18:02 Double-Bit Axe
19:44 Bow Saw
23:12 Horse Collar
23:41 Husbandry
24:22 Heavy Plow
26:44 Bloodlines
26:43 Scale Barding Armor
30:16 Chain Barding Armor
31:36 Forging
34:10 Light Cavalry
38:58 Wheelbarrow
tobinho_125
9:32 Loom
15:16 Feudal Age
19:21 Castle Age
18:12 Horse Collar
18:36 Double-Bit Axe
21:21 Scale Barding Armor
21:26 Forging
24:45 Scale Mail Armor
25:20 Iron Casting
25:50 Wheelbarrow
27:52 Town Watch
29:13 Bow Saw
30:27 Heavy Plow
32:22 Chain Mail Armor
32:42 Iron Casting
32:07 Padded Archer Armor
33:41 Ballistics
36:01 Imperial Age
35:33 Hand Cart
35:42 Pikeman
36:37 Capped Ram
38:19 Siege Ram
38:20 Heavy Scorpion
40:00 Ballistas
40:16 Conscription
dropshot
4:27 Loom
15:10 Feudal Age
15:14 Man-at-Arms
18:07 Town Watch
19:10 Fletching
21:12 Wheelbarrow
24:21 Horse Collar
28:18 Scale Mail Armor
31:51 Double-Bit Axe
32:27 Forging
37:46 Gold Mining
37:59 Stone Mining
40:11 Castle Age
39:06 Scale Barding Armor
39:26 Bloodlines
Khmer Kardashian
5:46 Loom
14:28 Feudal Age
15:47 Double-Bit Axe
16:52 Arson
22:58 Castle Age
23:12 Stone Mining
25:32 Horse Collar
25:49 Town Watch
30:13 Wheelbarrow
29:54 Forging
29:46 Gold Mining
32:30 Fletching
37:33 Hand Cart
38:39 Iron Casting
39:20 Bow Saw
39:20 Heavy Plow
41:09 Bloodlines
41:00 Husbandry
Aurora
17:05 Feudal Age
17:34 Man-at-Arms
18:30 Arson
22:10 Horse Collar
27:08 Castle Age
28:53 Pikeman
30:44 Stone Mining
31:53 Heavy Plow
31:46 Double-Bit Axe
32:39 Gold Mining
35:04 Gold Shaft Mining
35:33 Bow Saw
41:16 Imperial Age
38:51 Squires
39:14 Town Watch
40:02 Chieftains
ben00mon
3:55 Loom
14:51 Feudal Age
17:26 Man-at-Arms
18:11 Scale Mail Armor
20:17 Fletching
Reaper
8:33 Loom
16:21 Feudal Age
20:14 Castle Age
1277765061
9:16 Loom
15:08 Feudal Age
18:59 Double-Bit Axe
19:48 Horse Collar
25:33 Castle Age
24:38 Bloodlines
25:08 Scale Barding Armor
25:15 Forging
26:38 Bow Saw
26:33 Heavy Plow
31:23 Wheelbarrow
33:27 Husbandry
33:42 Husbandry
34:41 Gold Mining
34:42 Stone Mining
34:45 Fletching
34:56 Padded Archer Armor
35:42 Hand Cart
39:04 Imperial Age
38:28 Gold Shaft Mining
40:08 Ballistics
40:49 Chemistry
39:49 Bodkin Arrow
40:10 Leather Archer Armor
Connection lost

Rejoining the realm…

Still unreachable

The connection could not be restored.

Session expired

The server has moved on; the page needs a fresh start.